 Seeded DCSS version 0.25.1-2-g60ff931df9 (webtiles) character file.

Game seed: 84405591861 (custom seed)

2562 jfcaron the Tainter (level 9, -1/78 HPs)
             Began as a Naga Venom Mage on Nov 7, 2020.
             Was a Believer of the Shining One.
             Killed from afar by Maggie (25 damage)
             ... with a bolt of fire
             ... on level 8 of the Dungeon.
             The game lasted 00:34:31 (7439 turns).

jfcaron the Tainter (Naga Venom Mage)               Turns: 7439, Time: 00:34:32

Health: -1/78      AC:  9    Str: 20    XL:     9   Next: 56%
Magic:  9/25       EV: 10    Int: 16    God:    the Shining One [**....]
Gold:   28         SH:  7    Dex: 11    Spells: 5/18 levels left

rFire    . . .     SeeInvis +   e - +2 dagger (venom)
rCold    . . .     Gourm    .   (no shield)
rNeg     + + .     Faith    .   v - +2 robe "Uweubell" {*Slow rPois rN+ Str+6}
rPois    +         Spirit   .   (no helmet)
rElec    .         Reflect  .   J - +2 cloak
rCorr    .         Harm     .   (no gloves)
MR       +....                  (no barding)
Stlth    +.........             f - amulet of magic regeneration
HPRegen  0.23/turn              F - ring of magical power
MPRegen  0.44/turn              (no ring)

@: divine shield, about to teleport, very slightly contaminated, slowed,
glowing, lightly drained, very slow
A: large, see invisible, deformed body, poison resistance, slowness 2, slow
metabolism 1, spit poison 1, AC +3
a: Spit Poison, Divine Shield, Renounce Religion


You were on level 8 of the Dungeon.
You worshipped the Shining One.
The Shining One was pleased with you.
You were hungry.

You visited 2 branches of the dungeon, and saw 10 of its levels.

You collected 252 gold pieces.
You spent 224 gold pieces at shops.

Inventory:

Hand Weapons
 e - a +2 dagger of venom (weapon)
 q - a +0 war axe
 z - the +7 hunting sling "Anoira" {flame, rPois rF+ Stlth+}
   (You found it on level 4 of the Dungeon)

   It causes projectiles fired from it to burn those they strike, causing extra
   injury to most foes and up to half again as much damage against particularly
   susceptible opponents.
   It protects you from fire.
   It protects you from poison.
   It makes you more stealthy.
 E - a +3 flail of holy wrath
 H - a +1 vorpal scimitar
 N - a +0 falchion of electrocution
Missiles
 k - 67 bolts
 l - 30 sling bullets
 m - 212 stones (quivered)
 r - 47 arrows
 u - 22 poisoned darts
 y - 5 javelins
 K - 4 curare-tipped darts {!f}
 Q - 2 throwing nets {!f}
Armour
 a - a scarf of repulsion
 v - the +2 robe "Uweubell" (worn) {*Slow rPois rN+ Str+6}
   (You found it on level 7 of the Dungeon)

   It affects your strength (+6).
   It protects you from poison.
   It protects you from negative energy.
   It may slow you when you take damage.
 C - a +1 robe of positive energy
 J - a +2 cloak (worn)
 P - a +0 plate armour
Jewellery
 f - an amulet of magic regeneration (around neck)
 F - a ring of magical power (left hand)
Wands
 i - a wand of polymorph (4)
 G - a wand of disintegration (3)
 L - a wand of paralysis (8)
Scrolls
 b - a scroll of fear
 d - 2 scrolls of fog
 j - a scroll of silence
 n - 2 scrolls of magic mapping
 p - 2 scrolls of teleportation
 t - a scroll of remove curse
 w - a scroll of noise {unknown}
 x - 2 scrolls of blinking
 B - a scroll of enchant weapon {unknown}
 D - a scroll of enchant armour {unknown}
 I - 2 scrolls of amnesia
Potions
 g - 2 potions of berserk rage
 h - a potion of heal wounds
 o - 4 potions of haste
 s - 4 potions of flight
 A - a potion of brilliance {unknown}
 O - a potion of stabbing {unknown}
 R - a potion of mutation {unknown}
 S - a potion of might {unknown}
Comestibles
 c - 17 rations
 M - 11 chunks of flesh


   Skills:
 + Level 4.1(4.0) Fighting
 - Level 5.0(4.8) Slings
 - Level 1.5(1.4) Dodging
 - Level 3.0(2.8) Stealth
 - Level 5.0(4.8) Spellcasting
 - Level 2.0(1.8) Conjurations
 - Level 2.0(1.8) Transmutations
 - Level 2.0(1.8) Fire Magic
 - Level 2.0(1.8) Air Magic
 - Level 10.0(9.8) Poison Magic
 - Level 4.0(3.8) Invocations


You had 5 spell levels left.
You knew the following spells:

 Your Spells              Type           Power        Failure   Level  Hunger
a - Sting                 Tmut/Pois      ###.         1%          1    None
b - Poisonous Vapours     Pois/Air       ###...       2%          2    ##.....
c - Mephitic Cloud        Conj/Pois/Air  ###.....     7%          3    ###....
d - Olgreb's Toxic Radia  Pois           #####...     2%          4    ####...
e - Ignite Poison         Fire/Tmut/Pois ###.....     7%          3    ###....

Your spell library contained the following spells:

 Spells                   Type           Power        Failure   Level  Hunger
 Foxfire                  Conj/Fire      #...         7%          1    None
 Conjure Flame            Conj/Fire      #.......     22%         3    ###....
 Inner Flame              Hex/Fire       #.......     32%         3    ###....
 Sticky Flame             Conj/Fire      #.......     56%         4    ####...
 Fireball                 Conj/Fire      #.........   89%         5    ######.


Dungeon Overview and Level Annotations

Branches:
Dungeon (9/15)             Temple (1/1) D:7
   Lair: D:8-11         Orc: D:9-12

Altars:
Ashenzari
Cheibriados
Dithmenos
Elyvilon
Gozag
Hepliaklqana
Kikubaaqudgha
Makhleb
Nemelex Xobeh
Okawaru
Qazlal
Ru
Sif Muna
Uskayaw
Vehumet
Wu Jian
Xom
Yredelemnul
Zin
The Shining One

Shops:
D:5 =   D:7 *

Annotations:
D:8 Maggie


Innate Abilities, Weirdness & Mutations

You cannot wear boots.
Your serpentine skin is tough. (AC +3)
You have supernaturally acute eyesight. (SInv)
Armour fits poorly on your strangely shaped body.
Your system is resistant to poisons. (rPois)
You cover ground very slowly.
You have a slow metabolism.
You can spit poison.


Message History

Unknown command.
Okay, then.
Unknown command.
You hit Maggie but do no damage.
Maggie is lightly wounded.
The orc wizard gestures at you while chanting.
The magic dart hits you. You block the wight's attack.
The wight closely misses you.
The orc wizard hits you but does no damage.
The wight hits you with a cursed +2 hand axe of freezing.
You partially resist.
You feel drained. The wight freezes you.
The orc priest looks braver for a moment.
You hit Maggie.
Maggie looks even sicker.
Maggie is moderately wounded.
Maggie is no longer paralysed.
The orc wizard misses you.
The orc priest mumbles some strange prayers to Beogh against you.
Beogh smites you! The wight hits you with a +0 scimitar.
Maggie gestures at you while chanting. The bolt of fire hits you!!
You die...

## ####.####
#.....z.#
#.)..o@@#
#....)zo#
......oz......#
#.......#.....#
#.)###........#
#. .... ....# .
.#.#......# ...
#. ...# # $#
#....#


You could see Maggie (very poisoned), 3 wights, 2 orc priests and an orc wizard
(fast).

Vanquished Creatures
  Edmund (D:5)
  A swamp drake (D:5)
  An ice beast (D:9)
  An orc warrior (D:7)
  6 ogres
  2 phantoms
  2 centaurs
  A wyvern zombie (D:7)
  2 scorpions
  A water moccasin skeleton (D:8)
  A wight (D:8)
  A howler monkey (D:5)
  A crimson imp (D:5)
  A quasit (D:5)
  A bullfrog zombie (D:5)
  2 orc priests
  2 hounds
  2 centaur skeletons
  Crazy Yiuf (D:5)
  10 orc wizards
  2 iguanas (D:9)
  8 worker ants
  A hound skeleton (D:5)
  A worker ant zombie (D:5)
  9 adders
  A shadow imp (D:6)
  4 oozes
  2 adder skeletons
  2 worms (D:3)
  2 dart slugs (D:1)
  6 leopard geckos
  26 orcs
  5 bats
  2 giant cockroaches
  8 goblins
  8 hobgoblins
  11 jackals
  4 quokkas
  A ball python (D:1)
  4 frilled lizards
  3 kobolds
  A leopard gecko zombie (D:5)
  8 rats
159 creatures vanquished.

Notes
Turn   | Place    | Note
-------+----------+-------------------------------------------
     0 | D:1      | jfcaron the Naga Venom Mage began the quest for the Orb.
     0 | D:1      | Reached XP level 1. HP: 15/15 MP: 3/3
   300 | D:1      | Reached XP level 2. HP: 15/22 MP: 5/5
   310 | D:1      | Learned a level 2 spell: Poisonous Vapours
   539 | D:1      | Reached skill level 5 in Poison Magic
   912 | D:1      | Reached XP level 3. HP: 27/28 MP: 1/6
  1666 | D:2      | Found a glowing golden altar of the Shining One.
  1670 | D:2      | Became a worshipper of the Shining One
  1830 | D:2      | Reached skill level 6 in Poison Magic
  1881 | D:2      | Learned a level 3 spell: Mephitic Cloud
  1887 | D:2      | Reached XP level 4. HP: 36/36 MP: 4/7
  2533 | D:3      | Found an ornate altar of the Wu Jian Council.
  2830 | D:3      | Reached skill level 1 in Conjurations
  3059 | D:3      | Reached skill level 1 in Air Magic
  3079 | D:3      | Reached XP level 5. HP: 42/42 MP: 5/8
  3289 | D:4      | Got a crystal hunting sling
  3290 | D:4      | Identified the +7 hunting sling "Anoira" {flame, rPois rF+
                  | Stlth+} (You found it on level 4 of the Dungeon)
  3455 | D:4      | Found an opulent altar of Gozag.
  3455 | D:4      | Noticed an ogre
  3460 | D:4      | Killed an ogre
  3460 | D:4      | Reached XP level 6. HP: 49/49 MP: 5/10
  3490 | D:4      | Reached skill level 1 in Slings
  3496 | D:4      | Learned a level 4 spell: Olgreb's Toxic Radiance
  3500 | D:4      | Reached skill level 7 in Poison Magic
  3763 | D:4      | Reached skill level 8 in Poison Magic
  3766 | D:4      | Reached XP level 7. HP: 50/55 MP: 6/11
  3804 | D:4      | Found a stormy altar of Qazlal.
  3821 | D:4      | Noticed an air elemental
  3821 | D:4      | Noticed a fire elemental
  3821 | D:4      | Noticed a water elemental
  3865 | D:4      | Found a shattered altar of Ashenzari.
  3927 | D:4      | Reached * piety under the Shining One
  4312 | D:5      | Entered Level 5 of the Dungeon
  4561 | D:5      | Noticed Edmund
  4579 | D:5      | Learned a level 3 spell: Ignite Poison
  4648 | D:5      | Killed Edmund
  4648 | D:5      | Reached skill level 1 in Fire Magic
  4648 | D:5      | Reached XP level 8. HP: 62/62 MP: 8/14
  4801 | D:5      | Noticed Grinder
  4802 | D:5      | Noticed Grinder
  4802 | D:5      | Grinder changed into Grinder the quasit
  4806 | D:5      | Killed Grinder the quasit
  4807 | D:5      | Reached ** piety under the Shining One
  4909 | D:5      | Noticed Ijyb
  4912 | D:5      | Noticed Ijyb
  4912 | D:5      | Ijyb changed into Ijyb the swamp drake
  4920 | D:5      | Killed Ijyb the swamp drake
  4920 | D:5      | Reached skill level 9 in Poison Magic
  5139 | D:5      | Found Gocwaar's Jewellery Emporium.
  5350 | D:5      | Found a runed translucent door.
  5352 | D:5      | Noticed Crazy Yiuf
  5359 | D:5      | Killed Crazy Yiuf
  6541 | D:7      | Found a burning altar of Makhleb.
  6567 | D:7      | Reached skill level 1 in Invocations
  6567 | D:7      | Reached XP level 9. HP: 68/68 MP: 15/15
  6579 | D:7      | Found a staircase to the Ecumenical Temple.
  6585 | D:7      | Reached skill level 5 in Slings
  6595 | D:7      | Got a fabulously ornate robe
  6602 | Temple   | Entered the Ecumenical Temple
  6615 | Temple   | Identified the +2 robe "Uweubell" {*Slow rPois rN+ Str+6}
                  | (You found it on level 7 of the Dungeon)
  6932 | D:7      | Reached skill level 10 in Poison Magic
  6954 | D:7      | Found Jenta's General Store.
  6957 | D:7      | Bought a scroll of blinking for 112 gold pieces
  6957 | D:7      | Bought a scroll of silence for 112 gold pieces
  7029 | D:7      | Reached skill level 5 in Spellcasting
  7200 | D:7      | You fall into a shaft and drop 2 floors!
  7269 | D:9      | Reached skill level 1 in Fighting
  7333 | D:9      | Found a sparkling altar of Nemelex Xobeh.
  7420 | D:8      | Noticed Maggie
  7439 | D:8      | Killed from afar by Maggie

Illustrated notes

Levels and vault maps discovered:
D:1:      minmay_arrival_semitransparent, layout_basic
D:2:      layout_basic, nicolae_tso_carved_into_rock
D:3:      layout_basic, lemuel_round_altar
D:4:      layout_basic, nicolae_overflow_crystal_walls, evilmike_ruin_ashenzari,
          first_ration, nicolae_qazlal_style_of_elements
D:5:      layout_cave_pods, serial_shops, nicolae_shop_crystal, uniq_grinder,
          uniq_crazy_yiuf_cottage, uniq_ijyb, uniq_edmund
D:6:      layout_gridville
D:7:      layout_gridville, old_standard_altar,
          minmay_temple_entry_stoned_glass, serial_shops,
          nicolae_shop_behind_doors, grunt_ogre_cave, abandoned_shop
D:8:      layout_loops_cross, fedhas_altar_2, elyvilon_altar_3, uniq_psyche,
          uniq_maggie, uniq_gastronok
D:9:      layout_rooms, nemelex_xobeh_ov_fountains_minmay, lemuel_round_altar,
          david_orc_3, ebering_ghost_inner_flame, uniq_grum
Temple:   minmay_temple_curvy_branch

Skill      XL: |  1  2  3  4  5  6  7  8  9 |
---------------+----------------------------+-----
Poison Magic   | 5 6 8 9 10 | 10.0
Conjurations   | 1 2 |  2.0
Air Magic      | 1 2 |  2.0
Spellcasting   | 3 4 5 |  5.0
Slings         | 1 3 4 5 |  5.0
Transmutations | 2 |  2.0
Fire Magic     | 1 2 |  2.0
Invocations    | 1 4 |  4.0
Fighting       | 4 |  4.1
Dodging        | |  1.5
Stealth        | |  3.0

Action                   |  1- 3 |  4- 6 |  7- 9 || total
-------------------------+-------+-------+-------++-------
Melee: Dagger            |    11 |    30 |     7 ||    48
 Fire: Hunting sling     |       |    19 |   118 ||   137
Throw: Stone             |     2 |    23 |       ||    25
 Cast: Sting             |    11 |    11 |     5 ||    27
       Poisonous Vapours |    20 |    37 |    32 ||    89
       Olgreb's Toxic Ra |       |     1 |    10 ||    11
       Mephitic Cloud    |       |       |     8 ||     8
       Ignite Poison     |       |       |     5 ||     5
Invok: Divine Shield     |       |       |     1 ||     1
 Abil: Spit Poison       |    19 |    21 |    28 ||    68
Evoke: Wand              |       |       |     5 ||     5
  Use: Scroll            |     3 |       |     9 ||    12
  Eat: Chunk             |     1 |     8 |    12 ||    21
       Ration            |     1 |       |     1 ||     2
Armor: Robe              |     3 |     8 |    12 ||    23
Dodge: Dodged            |     6 |    26 |    34 ||    66
       Repelled          |       |       |     1 ||     1
Block: Other             |       |       |     5 ||     5
